AoeStats
← Jonninator

Glade

510453262Analyzed
1v1 RM · 1d ago on Oct 1, 2026· 45m 16s· 2 players
Game mode
Random Map
Map size
Tiny (2 player)
Population
200
Speed
Normal
Resources
Standard
Victory
Conquest
Starting age
Dark Age
Ending age
Imperial Age
RankedLock teamsTeams togetherTeam positionsShared explorationLock speedFull tech treeHidden civsTurbo modeCheats
Victory
Defeat
🇨🇦 Gurjaras · Canada
1031
+17
🇺🇸 Romans · United States
1046
-17
Jonninator
9:05 Feudal Age
12:33 Double-Bit Axe
17:59 Castle Age
19:29 Scale Mail Armor
24:32 Forging
28:34 Wheelbarrow
28:15 Town Watch
32:36 Imperial Age
31:50 Bow Saw
34:25 Chemistry
33:21 Heavy Camel Rider
35:34 Scale Barding Armor
35:54 Bloodlines
36:27 Iron Casting
40:35 Chain Mail Armor
42:23 Light Cavalry
43:38 Chain Barding Armor
Schlub MaKonky
8:29 Loom
10:58 Feudal Age
11:34 Double-Bit Axe
11:51 Horse Collar
12:10 Man-at-Arms
14:05 Gold Mining
17:20 Wheelbarrow
20:59 Castle Age
20:10 Stone Mining
23:36 Bow Saw
24:58 Hand Cart
29:06 Imperial Age
26:50 Scale Mail Armor
27:42 Bloodlines
28:10 Heavy Plow
29:19 Scale Barding Armor
30:17 Gold Shaft Mining
29:54 Long Swordsman
31:13 Gold Shaft Mining
31:33 Husbandry
32:49 Crop Rotation
33:16 Chain Barding Armor
32:47 Pikeman
34:20 Forging
35:27 Plate Barding Armor
35:41 Squires
37:43 Pikeman
39:27 Chain Mail Armor
39:54 Conscription
39:54 Siege Engineers
39:40 Light Cavalry
Connection lost

Rejoining the realm…

Still unreachable

The connection could not be restored.

Session expired

The server has moved on; the page needs a fresh start.